 Dungeon Crawl Stone Soup version 0.17.1-3-g152610e (webtiles) character file.

864 Zhenya25pyc the Cudgeler (level 8, 43/49 HPs)
             Began as a Gargoyle Fighter on Apr 25, 2016.
             Was a Follower of Okawaru.
             Starved to death
             ... while paralysed
             ... on level 6 of the Dungeon.
             The game lasted 00:06:25 (3539 turns).

Zhenya25pyc the Cudgeler (Gargoyle Fighter)         Turns: 3539, Time: 00:06:25

Health: 43/49      AC: 16    Str: 21    XL:     8   Next: 3%
Magic:  8/8        EV:  2    Int:  9    God:    Okawaru [*.....]
Gold:   246        SH:  0    Dex: 10    Spells: 0 memorised, 7 levels left

rFire  x . .     SeeInvis .     a - +0 flail
rCold  + . .     Clarity  .     r - +0 chain mail
rNeg   + . .     SustAt   .     c - +0 shield
rPois  ∞         Gourm    .     A - +0 hat
rElec  +         Spirit   .     C - +0 cloak
rCorr  .         Warding  .     (no gloves)
rMut   .         Stasis   .     (no boots)
MR     .....                    y - amulet of regeneration
Stlth  ..........               (no ring)
                                z - ring of ice

@: paralysed, fainting, not resistant to hostile enchantments, extremely
unstealthy
A: negative energy resistance 1, electricity resistance, unbreathing,
petrification resistance, rot immunity, AC +5
a: Heroism, Renounce Religion


You were on level 6 of the Dungeon.
You worshipped Okawaru.
Okawaru was aware of your devotion.
You were fainting.

You visited 2 branches of the dungeon, and saw 7 of its levels.

You collected 246 gold pieces.

Inventory:

Hand Weapons
 a - a +0 flail (weapon)
Armour
 c - a +0 shield (worn)
 r - a +0 chain mail (worn)
 A - a +0 hat (worn)
 C - a +0 cloak (worn)
Jewellery
 y - an amulet of regeneration (around neck)
 z - a ring of ice (left hand)
Scrolls
 g - 10 scrolls of identify {unknown}
 h - a scroll of blinking {unknown}
 j - 3 scrolls of remove curse {unknown}
 m - a scroll of random uselessness {unknown}
 o - 3 scrolls of enchant armour {unknown}
 s - 2 scrolls of teleportation {unknown}
 u - 3 scrolls of magic mapping {unknown}
 v - a scroll of fog {unknown}
Potions
 b - a potion of haste {unknown}
 d - 2 potions of might
 i - a potion of cure mutation {unknown}
 k - 2 potions of degeneration {unknown}
 l - a potion of heal wounds {unknown}
 p - a potion of mutation {unknown}
 q - a potion of berserk rage {unknown}
 t - a potion of beneficial mutation {unknown}
 x - 2 potions of lignification {unknown}
 D - a potion of ambrosia {unknown}
Comestibles
 e - 5 bread rations
 f - 2 beef jerkies
 n - 2 meat rations
 w - 4 fruits
 B - a royal jelly


   Skills:
 + Level 5.3 Fighting
 * Level 5.9 Maces & Flails
 + Level 5.3 Armour
 + Level 5.4 Shields


You had 7 spell levels left.
You didn't know any spells.

Dungeon Overview and Level Annotations

Branches:
Dungeon (6/15)             Temple (1/1) D:4

Altars:
Cheibriados
Dithmenos
Fedhas
Gozag
Makhleb
Okawaru
Qazlal
Sif Muna
Vehumet
Xom
The Shining One


Innate Abilities, Weirdness & Mutations

You are resistant to torment.
Your stone body is resilient (AC +5).
You are immune to poison.
You resist negative energy.
You are resistant to electric shocks.
You can survive without breathing.
You are immune to petrification.
You are immune to rotting.


Message History

You block the hungry ghost's attack. The hungry ghost hits you.
You feel slightly more hungry.
You barely miss the hungry ghost.
The hungry ghost is moderately damaged.
The hungry ghost hits you.
You feel slightly more hungry.
You barely miss the hungry ghost.
The hungry ghost is moderately damaged.
The hungry ghost hits you.
You feel slightly more hungry.
Your shield and chain mail prevent you from hitting the hungry ghost.
The hungry ghost is moderately damaged.
The hungry ghost hits you.
You feel slightly more hungry.
You miss the hungry ghost.
The hungry ghost is moderately damaged.
You lose consciousness!
The hungry ghost hits you.
You feel slightly more hungry. The hungry ghost hits you.
You feel slightly more hungry. The hungry ghost hits you.
You feel slightly more hungry. The hungry ghost hits you.
You have starved to death.
You die... .#. #+# .. ... ..# .. .. %. #.##. oo.

#W#
#@#
#.#
#.##
#..#
##.##
#..#
##.##
#..#
##.##


You could see a hungry ghost and 2 orcs.

Vanquished Creatures
  The ghost of buf2 the Bolt Thrower, an amateur HEHu (D:4)
  A phantom (D:4)
  An ogre (D:4)
  A centaur (D:6)
  A centaur skeleton (D:4)
  Crazy Yiuf (D:5)
  2 orc priests (D:5)
  A worker ant (D:4)
  3 orc wizards
  A hound skeleton (D:5)
  6 adders
  4 gnolls (D:4)
  A shadow imp (D:5)
  An ooze (D:2)
  3 worms
  3 giant geckos
  9 orcs
  A ball python (D:3)
  5 giant cockroaches
  6 hobgoblins
  3 jackals (D:2)
  6 kobolds
  9 bats
  A giant newt (D:3)
  5 goblins
  6 rats
82 creatures vanquished.

Notes
Turn   | Place    | Note
--------------------------------------------------------------
     0 | D:1      | Zhenya25pyc the Gargoyle Fighter began the quest for the Orb.
     0 | D:1      | Reached XP level 1. HP: 14/14 MP: 1/1
   310 | D:1      | Reached XP level 2. HP: 19/19 MP: 2/2
   669 | D:2      | Reached XP level 3. HP: 20/23 MP: 3/3
  1045 | D:2      | Reached XP level 4. HP: 24/29 MP: 4/4
  1253 | D:3      | Found a faded altar to an unknown god.
  1471 | D:3      | Found a stormy altar of Qazlal.
  1477 | D:3      | Found a snail-covered altar of Cheibriados.
  1486 | D:3      | Found a blossoming altar of Fedhas.
  1861 | D:3      | Found a deep blue altar of Sif Muna.
  1961 | D:3      | Found an opulent altar of Gozag.
  2055 | D:4      | Noticed a phantom
  2098 | D:4      | Reached skill level 4 in Fighting
  2110 | D:4      | Killed a phantom
  2110 | D:4      | Reached XP level 5. HP: 25/33 MP: 5/5
  2173 | D:4      | Reached XP level 6. HP: 35/39 MP: 6/6
  2175 | D:4      | Noticed buf2's ghost (amateur HEHu)
  2242 | D:4      | Killed buf2's ghost
  2414 | D:4      | Found a staircase to the Ecumenical Temple.
  2434 | Temple   | Entered the Ecumenical Temple
  2442 | Temple   | Became a worshipper of Warmaster Okawaru
  2492 | D:4      | Reached XP level 7. HP: 38/44 MP: 7/7
  2534 | D:4      | Noticed an ogre
  2542 | D:4      | Killed an ogre
  2542 | D:4      | Reached skill level 5 in Maces & Flails
  2542 | D:4      | Reached skill level 5 in Shields
  2871 | D:4      | Reached skill level 5 in Fighting
  2942 | D:4      | Reached * piety under Okawaru
  3188 | D:5      | Entered Level 5 of the Dungeon
  3204 | D:5      | Reached skill level 5 in Armour
  3334 | D:5      | Noticed Crazy Yiuf
  3343 | D:5      | Killed Crazy Yiuf
  3430 | D:5      | You fall through a shaft!
  3435 | D:6      | Reached XP level 8. HP: 49/49 MP: 8/8
  3505 | D:6      | Noticed a hungry ghost
  3539 | D:6      | Starved to death

Action                   |  1- 3 |  4- 6 |  7- 9 || total
-------------------------+-------+-------+-------++-------
Melee: Flail             |   102 |   193 |   146 ||   441
  Eat: Chunk             |       |     6 |     3 ||     9
